 Dungeon Crawl Stone Soup version 0.25-a0-420-g1cc7eeb0d1 (webtiles) character file.

Game seed: 15695229381987563693, levelgen mode: deterministic

65 Kohma the Shield-Bearer (level 3, -4/31 HPs)
             Began as a Minotaur Fighter on Jan 18, 2020.
             Slain by Terence
             ... wielding a +0 trident
              (6 damage)
             ... on level 2 of the Dungeon.
             The game lasted 00:02:45 (1358 turns).

Kohma the Shield-Bearer (Minotaur Fighter)          Turns: 1358, Time: 00:02:46

Health: -4/31      AC:  6    Str: 26    XL:     3   Next: 94%
Magic:  2/2        EV:  8    Int:  5    God:
Gold:   71         SH: 10    Dex:  9    Spells: 2/2 levels left

rFire    . . .     SeeInvis .   a - +0 long sword
rCold    . . .     Gourm    .   c - +0 shield
rNeg     . . .     Faith    .   b - +0 scale mail
rPois    .         Spirit   .   (helmet restricted)
rElec    .         Reflect  .   (no cloak)
rCorr    .         Harm     .   (no gloves)
MR       .....                  (no boots)
Stlth    ..........             (no amulet)
HPRegen  0.10/turn              (no ring)
MPRegen  0.08/turn              (no ring)

@: mighty
A: retaliatory headbutt, horns 2
a: no special abilities


You were on level 2 of the Dungeon.
You were not hungry.

You visited 1 branch of the dungeon, and saw 2 of its levels.

You collected 71 gold pieces.

Inventory:

Hand Weapons
 a - a +0 long sword (weapon)
Missiles
 h - 63 stones (quivered)
Armour
 b - a +0 scale mail (worn)
 c - a +0 shield (worn)
Scrolls
 e - a scroll of remove curse {unknown}
 i - a scroll of random uselessness {unknown}
 j - a scroll of enchant armour {unknown}
 l - a scroll of fog {unknown}
 m - a scroll of amnesia {unknown}
Potions
 k - a potion of curing {unknown}
Comestibles
 f - a ration
 g - 7 chunks of flesh


   Skills:
 - Level 3.6 Fighting
 + Level 4.0 Long Blades
 - Level 3.6 Armour
 + Level 4.9 Shields


You had 2 spell levels left.
You didn't know any spells.
Your spell library was empty.

Dungeon Overview and Level Annotations

Branches:
Dungeon (2/15)

Altars:

Annotations:
D:2 Sigmund, Terence


Innate Abilities, Weirdness & Mutations

You reflexively headbutt those who attack you in melee.
You have a pair of horns on your head.


Message History

Sigmund mumbles some strange words.
Sigmund flickers and vanishes!
Deactivating autopickup; reactivate with Ctrl-A.
You block Terence's attack.
You closely miss Terence.
Terence is moderately wounded.
Terence barely misses you.
You feel very mighty all of a sudden. Something hits you!
* * * LOW HITPOINT WARNING * * *
You block Terence's attack.
Your shield prevents you from hitting Terence.
You headbutt Terence!
Terence is almost dead.
Terence hits you but does no damage. Something hits you.
* * * LOW HITPOINT WARNING * * *
You hit Terence but do no damage.
Terence is almost dead.
Terence hits you with a +0 trident.
You die...

#)####.#..........
.......#.# #.#..........
.......#.# #.#..........
.......#.# #.#..).......
.......#.# #.'..........
.......#.####.#..........
.......#.....##..........
......{#####.##..........
...../.@@....##..........
.......##################
###.... +.... #.... #....
#.... #....


You could see Terence.

Vanquished Creatures
  An adder (D:2)
  An ooze (D:2)
  2 dart slugs (D:1)
  4 leopard geckos (D:1)
  4 bats
  A giant cockroach (D:1)
  6 goblins (D:1)
  7 hobgoblins
  4 jackals (D:2)
  A quokka (D:2)
  3 ball pythons
  A frilled lizard (D:1)
  2 kobolds (D:1)
  2 rats (D:1)
39 creatures vanquished.

Notes
Turn   | Place    | Note
-------+----------+-------------------------------------------
     0 | D:1      | Kohma the Minotaur Fighter began the quest for the Orb.
     0 | D:1      | Reached XP level 1. HP: 19/19 MP: 0/0
   195 | D:1      | Reached XP level 2. HP: 13/26 MP: 1/1
   626 | D:1      | Reached XP level 3. HP: 30/31 MP: 2/2
  1345 | D:2      | Noticed Sigmund
  1345 | D:2      | Noticed Terence
  1358 | D:2      | Slain by Terence

Levels and vault maps discovered:
D:1:      eino_arrival_cavern_b, layout_basic
D:2:      layout_basic, kennysheep_vampire_church, uniq_sigmund, uniq_terence

Skill      XL: |  1  2  3 |
---------------+----------+-----
Shields        | 4 |  4.9
Long Blades    | 3 4 |  4.0
Fighting       | |  3.6
Armour         | |  3.6

Action                   || total
-------------------------++-------
Melee: Long sword        ||   102
       Headbutt          ||    17
Throw: Stone             ||     3
  Use: Potion            ||     1
  Eat: Chunk             ||     2
Armor: Scale mail        ||    38
Dodge: Dodged            ||    36
Block: Shield            ||    62
       Rpst.: Long sword ||    10

Table legend:
 A = Non-vault XP
 B = Vault XP
 C = Vault XP percentage of total XP
 D = Non-vault monster count
 E = Vault monster count
 F = Vault count percentage of total count
                 A         B        C        D         E       F
            +---------+---------+-------+---------+---------+-------
      Total |      94 |       0 |   0.0 |      39 |       0 |   0.0
            +---------+---------+-------+---------+---------+-------
        D:1 |      55 |       0 |   0.0 |      27 |       0 |   0.0
        D:2 |      39 |       0 |   0.0 |      12 |       0 |   0.0
            +---------+---------+-------+---------+---------+-------
